 Dungeon Crawl Stone Soup version 0.27-a0-1597-ge58577e147 (webtiles) character file.

Game seed: 12432056787345608472

93240 DocSulfur the Brawler (level 15, -7/143 (149) HPs)
             Began as a Troll Hunter on July 21, 2021.
             Was a Priest of Ru.
             Mangled by a white ugly thing (30 damage)
             ... on level 15 of the Dungeon.
             The game lasted 01:23:50 (22960 turns).

DocSulfur the Brawler (Troll Hunter)               Turns: 22960, Time: 01:23:55

HP:   -7/143 (149)  AC:  9    Str: 25    XL:     15   Next: 60%
MP:   14/14         EV: 11    Int:  7    God:    Ru [***...]
Gold: 2714          SH:  0    Dex: 14    Spells: 14/14 levels left

rFire    . . .     SeeInvis +     - Unarmed
rCold    . . .     Faith    +   (no shield)
rNeg     . . .     Spirit   .   L - +0 troll leather armour
rPois    .         Reflect  .   r - +1 hat {SInv}
rElec    .         Harm     .   z - +0 cloak
rCorr    .         Rampage  .   (gloves unavailable)
Will     +++..                  (boots unavailable)
Stlth    +.........             K - amulet of faith
HPRegen  2.33/turn              t - ring of willpower
MPRegen  0.14/turn              E - ring of willpower

@: grasped by roots, constricted, studying Shields, lightly drained
A: large, unfitting armour, claws 3, regeneration 1, shaggy fur 1, tough skin 1,
hated by all, no conjurations magic, no poison magic, no transmutations magic,
disrupted magic 1
a: Renounce Religion, Draw Out Power


You were on level 15 of the Dungeon.
You worshipped Ru.
Ru was most pleased with you.
You visited 3 branches of the dungeon, and saw 22 of its levels.

You collected 2714 gold pieces.

Inventory:

Missiles
 c - 23 large rocks (quivered)
 d - 3 throwing nets
 i - 79 poisoned darts
 y - 49 boomerangs
Armour
 e - a +0 tower shield
 r - a +1 hat of see invisible (worn)
 z - a +0 cloak (worn)
 L - a +0 troll leather armour (worn)
Jewellery
 g - a +6 ring of strength
 p - an amulet of regeneration
 t - a ring of willpower (left claw)
 E - a ring of willpower (right claw)
 G - a +4 ring of slaying
 K - an amulet of faith (around neck)
 R - a ring of fire
 U - the ring "Tuoluaf" {rPois rC- rCorr Int+6 Slay+5}
   (You acquired it on level 10 of the Dungeon)

   [ring of intelligence]

   Int:       It affects your intelligence (+6).
   Slay:      It affects your accuracy & damage with ranged weapons and melee
   (+5).
   rC:        It makes you vulnerable to cold.
   rPois:     It protects you from poison.
   rCorr:     It protects you from acid and corrosion.
Wands
 A - a wand of polymorph (16)
 B - a wand of iceblast (43)
 C - a wand of mindburst (20)
 Q - a wand of acid (10)
 W - a wand of digging (8)
 Z - a wand of paralysis (18)
Scrolls
 b - a scroll of immolation {unknown}
 f - a scroll of amnesia {unknown}
 h - 19 scrolls of teleportation
 k - 5 scrolls of fog
 m - a scroll of identify
 u - 6 scrolls of magic mapping
 w - a scroll of summoning {unknown}
 D - a scroll of brand weapon {unknown}
 I - 2 scrolls of blinking {unknown}
 O - 3 scrolls of enchant armour
 S - 2 scrolls of holy word {unknown}
 V - a scroll of vulnerability {unknown}
Potions
 a - 8 potions of curing
 j - 2 potions of ambrosia {unknown}
 l - 4 potions of lignification
 n - 2 potions of attraction {unknown}
 o - 3 potions of resistance
 q - 2 potions of degeneration {unknown}
 s - 4 potions of haste
 v - a potion of mutation {unknown}
 x - 5 potions of flight
 F - 2 potions of invisibility {unknown}
 H - 2 potions of berserk rage {unknown}
 J - 4 potions of heal wounds
 M - 3 potions of magic {unknown}
 N - a potion of brilliance {unknown}
 T - 2 potions of cancellation {unknown}
 Y - a potion of might {unknown}


   Skills:
 - Level 10.0 Fighting
 - Level 13.6 Throwing
 + Level 5.6 Armour
 - Level 10.0 Dodging
 - Level 0.3 Stealth
 * Level 2.0 Shields
 - Level 16.1 Unarmed Combat


You had 14 spell levels left.
You didn't know any spells.
Your spell library contained the following spells:

 Spells                   Type           Power      Damage    Failure   Level
 Corona                   Hex            0%         N/A       54%         1
 Ensorcelled Hibernation  Hex/Ice        0%         N/A       69%         2
 Gell's Gravitas          Tloc           0%         N/A       88%         3
 Inner Flame              Hex/Fire       0%         N/A       88%         3
 Lesser Beckoning         Tloc           0%         N/A       88%         3
 Ozocubu's Armour         Ice            0%         N/A       88%         3
 Portal Projectile        Hex/Tloc       0%         N/A       88%         3
 Teleport Other           Tloc           0%         N/A       88%         3
 Cause Fear               Hex            0%         N/A       99%         4
 Borgnjor's Vile Clutch   Necr/Erth      0%         N/A       100%        5
 Lee's Rapid Deconstruct  Erth           0%         3d5*      100%        5
 Metabolic Englaciation   Hex/Ice        0%         N/A       100%        5
 Dispersal                Tloc           0%         N/A       100%        6
 Disjunction              Tloc           0%         N/A       100%        8
 Beastly Appendage        Tmut           Unusable   N/A       N/A         1
 Foxfire                  Conj/Fire      Unusable   2x1d4     N/A         1
 Summon Small Mammal      Summ           Unusable   N/A       N/A         1
 Wereblood                Tmut           Unusable   N/A       N/A         2
 Call Canine Familiar     Summ           Unusable   N/A       N/A         3
 Conjure Flame            Conj/Fire      Unusable   6-21      N/A         3
 Spider Form              Tmut/Pois      Unusable   N/A       N/A         3
 Stone Arrow              Conj/Erth      Unusable   3d7       N/A         3
 Summon Guardian Golem    Hex/Summ       Unusable   N/A       N/A         3
 Tukima's Dance           Hex            Unusable   N/A       N/A         3
 Animate Armour           Summ/Erth      Unusable   N/A       N/A         4
 Summon Ice Beast         Ice/Summ       Unusable   N/A       N/A         4
 Alistair's Intoxication  Tmut/Pois      Unusable   N/A       N/A         5
 Blade Hands              Tmut           Unusable   N/A       N/A         5
 Freezing Cloud           Conj/Ice/Air   Unusable   6-21      N/A         5
 Summon Mana Viper        Hex/Summ       Unusable   N/A       N/A         5
 Eringya's Noxious Bog    Tmut/Pois      Unusable   N/A       N/A         6
 Iron Shot                Conj/Erth      Unusable   9d1       N/A         6
 Simulacrum               Ice/Necr       Unusable   N/A       N/A         6
 Statue Form              Tmut/Erth      Unusable   N/A       N/A         6
 Monstrous Menagerie      Summ           Unusable   N/A       N/A         7
 Lehudib's Crystal Spear  Conj/Erth      Unusable   10d2      N/A         8

Dungeon Overview and Level Annotations

Branches:
Dungeon (15/15)            Temple (1/1) D:5            Lair (6/6) D:11
  Swamp (0/4) Lair:2        Snake (0/4) Lair:3        Slime (0/5) Lair:6
    Orc (0/2) D:12         Vaults (0/5) D:13
 Depths: D:15

Altars:
Ashenzari
Cheibriados
Dithmenos
Elyvilon
Fedhas
Gozag
Hepliaklqana
Kikubaaqudgha
Makhleb
Nemelex Xobeh
Okawaru
Qazlal
Ru
Sif Muna
Trog
Uskayaw
Vehumet
Wu Jian
Xom
Yredelemnul
Zin
The Shining One
Lugonu

Portals:
Abyss: Lair:6
Trove: D:11 (give +3 storm dragon scales)

Annotations:
D:3 1 runed translucent door, Djamper's ghost, weakling SpBe
D:15 Jorgrun


Innate Abilities, Weirdness & Mutations

You are too large for most types of armour.
You have claws for hands.
Your natural rate of healing is unusually fast.
You are covered in fur. (AC +1)
You have tough skin. (AC +1)
You are hated by all.
You cannot study or cast Conjurations magic.
You cannot study or cast Poison magic.
You cannot study or cast Transmutations magic.
Your casting is slightly disrupted.


Message History

The grasping roots grab you! The grasping roots constrict you!
The roots' grasp on you weakens, but your attempt to escape fails.
You escape the roots' grasp.
You hear a grinding noise.
Throw: 24 large rocks
Press: ? - help, Q - select action, (/) - cycle Shift-Dir - straight line, f - Jorgrun
Aim: Jorgrun, wielding a +0 vorpal quarterstaff and wearing a +2 robe of fire resistance (heavily wounded, 56% to hit)
You throw a large rock. The large rock hits Jorgrun!
Jorgrun is severely wounded.
The red ugly thing basks in the mutagenic energy from its kin and changes!
You hear a grinding noise.
The red ugly thing basks in the mutagenic energy from its kin and changes!
Your extra speed is starting to run out.
You hear a grinding noise.
You barely miss the white ugly thing.
You feel yourself slow down.
You mangle the white ugly thing!!
The white ugly thing is moderately wounded.
The white ugly thing stings you. The white ugly thing freezes you!!
You barely miss the white ugly thing. You claw the white ugly thing!!
The white ugly thing is almost dead.
The white ugly thing misses you.
You scratch the white ugly thing but do no damage.
The white ugly thing is almost dead.
You hear a grinding noise.
Jorgrun points at you and mumbles some strange words.
Roots burst forth from the earth!
The grasping roots grab you! The grasping roots constrict you!
The white ugly thing stings you. The white ugly thing freezes you!!
* * * LOW HITPOINT WARNING * * *
The roots' grasp on you weakens, but your attempt to escape fails.
Jorgrun points at the rock wall and mumbles some strange words.
You hear a grinding noise.
* * * LOW HITPOINT WARNING * * *
The grasping roots constrict you! The white ugly thing stings you!
* * * LOW HITPOINT WARNING * * *
The white ugly thing freezes you!!
You die...

(# #.##....####..#.#
#.# .#
#.........u...#.#
#.# .#
######u..####.#.#
#.# .# ###uu# #u#.#
#.# .# ##g##.#.# #.#
.# #.#.#.# #.# .#
#..#<# #.# .#######
#u#.# #.# .......#
#@..# #.# .#####.##
#.#.# #.# ........#
#.#..##.## ######.##
#.#......#
#.#########.########
#...........#
#############


You could see Jorgrun and 3 ugly things.

Vanquished Creatures
  Gastronok (Lair:1)
  A frost giant (D:12)
  Louise (D:15)
  Nessos (D:13)
  A dire elephant (Lair:6)
  Harold (Lair:1)
  12 hydras
  2 catoblepae
  2 centaur warriors
  An ogre mage (D:13)
  A boulder beetle (Lair:5)
  A death knight (D:13)
  A rakshasa (D:15)
  5 two-headed ogres
  3 tengu warriors
  4 death yaks (Lair:6)
  3 thrashing horrors (Lair:6)
  2 large abominations (Lair:6)
  2 wizards (D:14)
  An orc knight (D:13)
  A deep elf archer (D:13)
  4 deep elf pyromancers
  6 ugly things
  2 deep elf zephyrmancers (D:13)
  5 oklob plants
  A moth of wrath (shapeshifter) (Lair:6)
  A manticore (shapeshifter) (Lair:6)
  A manticore (D:13)
  4 cyclopes
  13 elephants
  9 black mambas
  11 cane toads
  2 smoke demons (Lair:6)
  2 torpor snails (Lair:5)
  An unseen horror (D:10)
  5 rime drakes
  A komodo dragon (shapeshifter) (D:13)
  A freezing wraith (D:14)
  2 kobold demonologists (D:11)
  10 komodo dragons
  2 ancient zymes (Lair:6)
  5 trolls
  A polar bear (Lair:5)
  A jumping spider (shapeshifter) (D:14)
  36 blink frogs
  A blink frog (shapeshifter) (D:14)
  Grinder (D:6)
  16 slime creatures
  13 dream sheep
  Prince Ribbit (D:8)
  A spriggan (Lair:6)
  2 ynoxinuls (Lair:6)
  41 yaks
  6 basilisks
  3 wyverns
  5 wraiths
  Eustachio (D:5)
  A steam dragon (D:8)
  8 vampire mosquitoes
  4 nagas (Lair:3)
  2 chaos spawn (Lair:6)
  4 wargs
  An ice beast (D:8)
  18 water moccasins
  6 orc warriors
  A sky beast (D:6)
  A hornet zombie (D:9)
  A black bear (D:6)
  7 necrophages
  6 ogres
  18 wolves
  4 centaurs
  6 kobold brigands
  14 bullfrogs
  A gnoll sergeant (D:8)
  A scorpion (D:5)
  A wyvern zombie (D:7)
  11 small abominations (Lair:6)
  5 wights (D:7)
  A water moccasin skeleton (D:6)
  7 howler monkeys
  2 electric eels
  11 centaur zombies
  A bullfrog zombie (D:6)
  4 hounds
  3 jellies
  9 orc priests
  Crazy Yiuf (D:6)
  2 gnoll shamans
  A centaur skeleton (D:5)
  3 iguanas
  10 orc wizards
  12 hell rats
  2 hound skeletons (D:4)
  A howler monkey zombie (D:9)
  A howler monkey skeleton (D:6)
  11 gnolls
  7 adders
  A white imp (D:6)
  An adder skeleton (D:4)
  3 worms
  A dart slug (D:3)
  35 orcs
  9 endoplasms
  3 giant cockroaches
  10 goblins
  5 hobgoblins
  6 quokkas
  9 ball pythons
  5 bats
  3 frilled lizards
  14 kobolds
  5 rats
584 creatures vanquished.

Vanquished Creatures (others)
  A slime creature (D:12)
  A hell rat (Lair:4)
  2 orcs
  A bush (Lair:4)
  37 fungi
  40 plants
  8 toadstools (D:8)
90 creatures vanquished.

Grand Total: 674 creatures vanquished

Notes
Turn   | Place    | Note
-------+----------+-------------------------------------------
     0 | D:1      | DocSulfur the Troll Hunter began the quest for the Orb.
     0 | D:1      | Reached XP level 1. HP: 19/19 MP: 0/0
   252 | D:2      | Found a glowing silver altar of Zin.
   275 | D:2      | Reached skill level 1 in Unarmed Combat
   275 | D:2      | Reached XP level 2. HP: 25/27 MP: 1/1
   524 | D:2      | Reached skill level 2 in Unarmed Combat
   643 | D:2      | Reached XP level 3. HP: 33/33 MP: 2/2
  1676 | D:3      | Found a runed translucent door.
  1677 | D:3      | Noticed a bullfrog
  1678 | D:3      | Noticed Djamper's ghost (weakling SpBe)
  1764 | D:3      | Reached XP level 4. HP: 41/41 MP: 3/3
  1852 | D:3      | Reached skill level 3 in Unarmed Combat
  2432 | D:4      | Reached XP level 5. HP: 34/48 MP: 4/4
  2515 | D:4      | Reached skill level 4 in Unarmed Combat
  2980 | D:4      | Noticed an ogre
  2983 | D:4      | Killed an ogre
  2984 | D:4      | Reached skill level 5 in Unarmed Combat
  2984 | D:4      | Reached XP level 6. HP: 55/55 MP: 5/5
  2989 | D:4      | Reached skill level 5 in Throwing
  3249 | D:4      | Reached XP level 7. HP: 54/62 MP: 6/6
  3254 | D:4      | Reached skill level 6 in Unarmed Combat
  3819 | D:5      | Entered Level 5 of the Dungeon
  3928 | D:5      | Identified the +0 ring mail of the Spider Nest {Dex+3
                  | Slay+2}
  3942 | D:5      | Found a staircase to the Ecumenical Temple.
  3953 | D:5      | Noticed a yak
  3953 | D:5      | Noticed a yak
  3963 | Temple   | Entered the Ecumenical Temple
  4159 | Temple   | Became a worshipper of Ru the Awakened
  4183 | D:5      | Noticed a yak
  4463 | D:6      | Reached skill level 7 in Unarmed Combat
  4508 | D:6      | Found a hide-covered altar of Uskayaw.
  4508 | D:6      | Noticed a +0 dagger
  4508 | D:6      | Noticed a +0 falchion
  4508 | D:6      | Noticed a +0 short sword
  4509 | D:6      | Noticed a +0 short sword
  4509 | D:6      | Noticed a +0 spear
  4509 | D:6      | Noticed a +0 dagger
  4510 | D:6      | Noticed a +0 spear
  4512 | D:6      | Noticed a +0 falchion
  4893 | D:6      | Found a runed translucent door.
  4894 | D:6      | Noticed Crazy Yiuf
  5068 | D:6      | Reached XP level 8. HP: 70/70 MP: 7/7
  5087 | D:6      | Noticed Grinder
  5102 | D:6      | Killed Grinder
  5103 | D:6      | Reached skill level 8 in Unarmed Combat
  5446 | D:6      | Killed Crazy Yiuf
  5648 | D:7      | Found a white marble altar of Elyvilon.
  5731 | D:7      | Gained mutation: Your casting is slightly disrupted. [Ru
                  | sacrifice]
  6209 | D:5      | Noticed Eustachio
  6223 | D:5      | Killed Eustachio
  6224 | D:5      | Reached skill level 9 in Unarmed Combat
  6451 | D:5      | Reached XP level 9. HP: 44/76 MP: 8/8
  6737 | D:7      | Reached skill level 10 in Unarmed Combat
  7250 | D:8      | Found a bloodstained altar of Trog.
  7283 | D:8      | Noticed Prince Ribbit
  7448 | D:8      | Killed Prince Ribbit
  7506 | D:8      | Found a radiant altar of Vehumet.
  7796 | D:8      | Reached skill level 10 in Throwing
  7807 | D:8      | Reached XP level 10. HP: 78/88 MP: 9/9
  8253 | D:9      | Identified 4 scrolls of acquirement
  8279 | D:9      | Acquired 1014 gold pieces
  8486 | D:9      | Found an iron altar of Okawaru.
  8599 | D:9      | Found a basalt altar of Yredelemnul.
  9014 | D:9      | Reached skill level 5 in Fighting
  9213 | D:10     | Entered Level 10 of the Dungeon
  9220 | D:10     | Acquired the ring "Tuoluaf" {rPois rC- rCorr Int+6 Slay+5}
 10482 | D:11     | Noticed a four-headed hydra
 10490 | D:11     | Killed a four-headed hydra
 10506 | D:11     | Noticed a green ugly thing
 10507 | D:11     | Noticed a sixfirhy
 10526 | D:10     | Killed a green ugly thing
 10566 | D:11     | Noticed an orange demon
 10568 | D:11     | Reached XP level 11. HP: 92/111 MP: 10/10
 10815 | D:11     | Identified the +1 pair of boots "Laesum" {Dex+2}
 11120 | D:11     | Noticed a two-headed ogre
 11129 | D:11     | Killed a two-headed ogre
 11182 | D:11     | Found a staircase to the Lair.
 11193 | D:11     | Gained mutation: You cannot study or cast Poison magic. [Ru
                  | sacrifice]
 11193 | D:11     | Gained mutation: You cannot study or cast Transmutations
                  | magic. [Ru sacrifice]
 11193 | D:11     | Gained mutation: You cannot study or cast Conjurations
                  | magic. [Ru sacrifice]
 11193 | D:11     | Reached * piety under Ru
 11435 | D:11     | Found a portal to a secret trove of treasure.
 11832 | Lair:1   | Entered Level 1 of the Lair of Beasts
 11848 | Lair:1   | Reached skill level 10 in Fighting
 12028 | Lair:1   | Reached skill level 5 in Dodging
 12165 | Lair:1   | Noticed Harold
 12169 | Lair:1   | Killed Harold
 12192 | Lair:1   | Reached XP level 12. HP: 37/126 MP: 11/11
 12437 | Lair:1   | Noticed a seven-headed hydra
 12442 | Lair:1   | Killed a seven-headed hydra
 12558 | Lair:1   | Noticed Gastronok
 12586 | Lair:1   | Killed Gastronok
 12903 | Lair:2   | Noticed an eight-headed hydra
 12907 | Lair:2   | Killed an eight-headed hydra
 12954 | Lair:2   | Noticed a six-headed hydra
 12959 | Lair:2   | Killed a six-headed hydra
 12989 | Lair:2   | Noticed a four-headed hydra
 13083 | Lair:2   | Killed a four-headed hydra
 13159 | Lair:2   | Noticed a five-headed hydra
 13159 | Lair:2   | Noticed a four-headed hydra
 13187 | Lair:1   | Reached skill level 10 in Dodging
 13381 | Lair:2   | Found a staircase to the Swamp.
 13458 | Lair:2   | You fall into a shaft and drop 1 floor!
 13705 | Lair:2   | Reached XP level 13. HP: 128/133 MP: 12/12
 13709 | Lair:2   | Reached skill level 11 in Unarmed Combat
 14500 | Lair:3   | Found a staircase to the Snake Pit.
 15103 | Lair:3   | Reached skill level 12 in Unarmed Combat
 15909 | Lair:4   | Reached skill level 13 in Unarmed Combat
 16392 | Lair:6   | Entered Level 6 of the Lair of Beasts
 16676 | Lair:5   | Reached XP level 14. HP: 123/143 MP: 13/13
 16951 | Lair:5   | Reached skill level 14 in Unarmed Combat
 17958 | Lair:6   | Found a staircase to the Slime Pits.
 18422 | Lair:6   | Reached skill level 15 in Unarmed Combat
 19395 | Lair:6   | Gained mutation: You are hated by all. [Ru sacrifice]
 19395 | Lair:6   | Reached ** piety under Ru
 19395 | Lair:6   | Reached *** piety under Ru
 19397 | Lair:6   | Found a corrupted altar of Lugonu.
 19397 | Lair:6   | Found a one-way gate to the infinite horrors of the Abyss.
 19405 | Lair:6   | Got the Catalogue of Shape Shifting and the Snowflakes
 19413 | Lair:6   | Got Deumaeza's Reference Book on Fetching Stones
 19869 | D:12     | Found a staircase to the Orcish Mines.
 19881 | D:12     | Identified the +1 leather armour of Integrity {rN+ Will-
                  | Str-5 Int+8}
 20471 | D:12     | Noticed a frost giant
 20480 | D:12     | Killed a frost giant
 20481 | D:12     | Reached skill level 16 in Unarmed Combat
 20481 | D:12     | Reached XP level 15. HP: 67/149 MP: 14/14
 20777 | D:13     | Reached skill level 1 in Armour
 20903 | D:15     | Entered Level 15 of the Dungeon
 21082 | D:13     | Found a burning altar of Makhleb.
 21516 | D:13     | Found a gate to the Vaults.
 21538 | D:13     | Noticed Nessos
 21545 | D:13     | Killed Nessos
 22257 | D:15     | Noticed Louise
 22300 | D:14     | Reached skill level 5 in Armour
 22634 | D:15     | Killed Louise
 22762 | D:15     | Reached skill level 1 in Shields
 22899 | D:15     | Noticed Jorgrun
 22960 | D:15     | Mangled by a white ugly thing

Illustrated notes

Levels and vault maps discovered:
D:1:      enne_arrival_octagon_isle, layout_basic
D:2:      layout_loops_ring, basic_altar, kennysheep_generic_room_9
D:3:      layout_loops_ring, ebering_ghost_sewer_d, kennysheep_generic_room_14
D:4:      layout_layer_cave
D:5:      layout_basic, minmay_temple_entry_junction, uniq_eustachio
D:6:      layout_loops_corners, nicolae_uskayaw_en_pointe, supply_closet_lemuel,
          st_stairs_7, nicolae_zen_rock_garden, uniq_crazy_yiuf_cottage,
          uniq_grinder
D:7:      layout_basic, nicolae_elyvilon_peaceful_grove
D:8:      cheibrodos_fertilizer, layout_rooms,
          mainiacjoe_overflow_catwalk_spiral, serial_park_tiny_pond,
          nrook_uturn, uniq_prince_ribbit1
D:9:      layout_small_grid, nicolae_yredelemnul_corpse_copse,
          nicolae_overflow_crystal_walls, solitary_fountain
D:10:     layout_grid_maze
D:11:     layout_gridville, erik_lair_orcish_takeover,
          nicolae_trove_entry_diagonal
D:12:     layout_loops_ring, erik_orc_4, minmay_three_doors
D:13:     layout_basic, hangedman_vaults_entry_quadrant_bands, bloody_makhleb,
          uniq_nessos
D:14:     layout_cave_pools, minivault_11
D:15:     gammafunk_enter_depths_forms, layout_basic, uniq_kirke, uniq_louise,
          uniq_jorgrun
Temple:   eino_temple_scatter_basement
Lair:1:   layout_gridlike, infiniplex_staircase_pool, uniq_harold,
          uniq_gastronok
Lair:2:   layout_loops_ring, swamp_mist, roderic_carrion_pond
Lair:3:   layout_roguey, guppyfry_snake_entry_garden,
          chequers_serial_rivers_small_b, grunt_megastairs_3,
          minmay_lair_oklob_chamber
Lair:4:   layout_gridlike, grunt_megastairs_2
Lair:5:   nzn_winding_woodlands_three_and_one [nzn_winding_woodlands_5x15_eye,
          nzn_winding_woodlands_5x15_split_checker,
          nzn_winding_woodlands_5x15_sawtooth,
          nzn_winding_woodlands_center_triple_pond], layout_cave_pods,
          nicolae_quartered_pool_super, minmay_stone_trees_small,
          serial_bayou_crossing
Lair:6:   hellmonk_lair_end_abyssal_woods, layout_gridlike, slime_dummy,
          st_stairs_11, lemuel_fruit_tree, infiniplex_staircase_pool_2

Skill      XL: |  1  2  3  4  5  6  7  8  9 10 11 12 13 14 15 |
---------------+----------------------------------------------+-----
Unarmed Combat | 1 2 3 5 7 9 10 13 16 | 16.1
Throwing       | 4 5 6 7 10 11 13 | 13.6
Fighting       | 2 8 10 | 10.0
Dodging        | 6 10 | 10.0
Armour         | 5 |  5.6
Shields        | 2 |  2.0
Stealth        | |  0.3

Action                   |  1- 3 |  4- 6 |  7- 9 | 10-12 | 13-15 || total
-------------------------+-------+-------+-------+-------+-------++-------
Melee: Unarmed           |   108 |   107 |   219 |   364 |   698 ||  1496
       Punch             |       |     1 |    10 |    20 |    59 ||    90
Throw: Large rock        |       |     6 |    46 |    55 |   128 ||   235
       Boomerang         |       |       |       |    17 |     3 ||    20
       Throwing net      |       |       |       |     1 |     1 ||     2
Invok: Sacrifice Essence |       |       |     1 |       |       ||     1
       Reject Sacrifices |       |       |       |     2 |     2 ||     4
       Sacrifice Arcana  |       |       |       |     1 |       ||     1
       Sacrifice Love    |       |       |       |       |     1 ||     1
       Draw Out Power    |       |       |       |       |     2 ||     2
Evoke: Wand              |       |       |       |       |     1 ||     1
  Use: Scroll            |       |       |     6 |     7 |     8 ||    21
       Potion            |       |       |       |     5 |     2 ||     7
 Stab: Sleeping          |     2 |     2 |       |       |       ||     4
       Distracted        |       |       |       |     1 |     1 ||     2
       Invisible         |       |       |       |       |     1 ||     1
       Petrified         |       |       |       |       |     1 ||     1
       Paralysed         |       |       |       |       |     2 ||     2
Armor: Robe              |    33 |    28 |    62 |   111 |    77 ||   311
       Troll leather arm |       |       |       |       |    17 ||    17
Dodge: Dodged            |    46 |    36 |    95 |   172 |   339 ||   688

Table legend: (Time is in decaauts)
 A = Elapsed time spent in this place.
 B = Non-inter-level travel time spent in this place.
 C = Inter-level travel time spent in this place.
 D = Time resting spent in this place.
 E = Time spent auto-exploring this place.
 F = Levels seen in this place.
 G = Mean time per level.
                   A        B        C        D        E       F      G
               +--------+--------+--------+--------+--------+-----+--------+
         Total |  22770 |  21638 |   1132 |    435 |  10840 |  22 | 1035.0 |
       Dungeon |  14769 |  14005 |    764 |     52 |   7524 |  15 |  984.6 |
        Temple |    219 |    219 |      0 |      0 |     38 |   1 |  219.0 |
          Lair |   7781 |   7413 |    368 |    383 |   3278 |   6 | 1296.8 |
               +--------+--------+--------+--------+--------+-----+--------+

Top non-repeatable levels by time:
  Lair:6: 1673 daAuts
  Lair:5: 1526 daAuts
     D:4: 1463 daAuts
     D:6: 1401 daAuts
    D:11: 1354 daAuts
    D:10: 1342 daAuts
  Lair:4: 1335 daAuts
  Lair:1: 1262 daAuts
    D:13: 1244 daAuts
  Lair:3: 1052 daAuts
     D:9: 998 daAuts
     D:7: 940 daAuts
  Lair:2: 931 daAuts
     D:8: 911 daAuts
     D:5: 878 daAuts
